 Dungeon Crawl Stone Soup version 0.24.0-35-gdb84b6a5db (webtiles) character file.

Game seed: 15325252421445966148, levelgen mode: deterministic

100 Amplified the Firebug (level 4, -2/38 HPs)
             Began as a Hill Orc Wanderer on Nov 19, 2019.
             Was an Initiate of Okawaru.
             Slain by Natasha (3 damage)
             ... on level 2 of the Dungeon.
             The game lasted 00:03:14 (2276 turns).

Amplified the Firebug (Hill Orc Wanderer)           Turns: 2276, Time: 00:03:14

Health: -2/38      AC:  2    Str: 14    XL:     4   Next: 73%
Magic:  5/5        EV: 10    Int: 15    God:    Okawaru [......]
Gold:   69         SH:  0    Dex:  8    Spells: 3/3 levels left

rFire    . . .     SeeInvis +   i - +0 hand axe
rCold    . . .     Gourm    .   (no shield)
rNeg     . . .     Faith    .   j - +0 ring mail
rPois    .         Spirit   .   (no helmet)
rElec    .         Reflect  .   (no cloak)
rCorr    .         Harm     .   (no gloves)
MR       .....                  (no boots)
Stlth    +.........             o - amulet of magic regeneration
HPRegen  0.12/turn              e - -3 ring of protection (curse)
MPRegen  0.34/turn              k - ring of see invisible

@: no status effects
A: no striking features
a: Renounce Religion


You were on level 2 of the Dungeon.
You worshipped Okawaru.
Okawaru was noncommittal.
You were not hungry.

You visited 1 branch of the dungeon, and saw 4 of its levels.

You collected 69 gold pieces.

Inventory:

Hand Weapons
 a - a +0 spear
 i - a +0 hand axe (weapon)
 m - a +0 dagger of venom
Armour
 d - a +1 robe
 j - a +0 ring mail (worn)
Jewellery
 e - a cursed -3 ring of protection (left hand)
 k - a ring of see invisible (right hand)
 o - an amulet of magic regeneration (around neck)
Scrolls
 h - a scroll of fog
Potions
 l - a potion of cancellation
Miscellaneous
 b - a fan of gales (inert)
Comestibles
 f - 2 rations


   Skills:
 * Level 3.0 Fighting
 * Level 2.7(2.9) Axes
 - Level 1.1(1.9) Polearms
 - Level 3.2 Armour
 - Level 1.0 Stealth
   Level 1.7 Charms
   Level 3.2 Fire Magic
 * Level 1.1 Invocations
 - Level 1.8 Evocations


You had 3 spell levels left.
You didn't know any spells.
Your spell library was empty.

Dungeon Overview and Level Annotations

Branches:
Dungeon (4/15)
 Temple: D:4-7

Altars:
Okawaru
Xom

Annotations:
D:2 Natasha
D:3 Grinder


Message History

You barely miss Natasha.
Natasha is heavily wounded.
Natasha zaps a wand.
The puff of flame hits you.
* * * LOW HITPOINT WARNING * * *
You barely miss Natasha.
Natasha is heavily wounded.
Natasha claws you!
* * * LOW HITPOINT WARNING * * *
Unknown command.
You don't know any spells.
Unknown command.
Evoke which item? (* to show all) (? for menu, Esc to quit)
Okay, then.
Okay, then.
Okay, then.
Okay, then.
You barely miss Natasha.
Natasha is heavily wounded.
Natasha claws you.
You die...

#.............#
#.###########.# #.# #.#
### #.# #.# ..# #.#
#รท##### ..# #.# #.....#
..# #.# #.....#
..####.###########.....##
..'.............@h.....'.
..##.#.###########.....#.
...#.#.# #.....# .#.#.#.#
.....# .#.#<#.# .....#
.#.#.#.# .....#
.....#.####### ..h.##
.............. ....#
.#.#.#.######.


You could see Natasha.

Vanquished Creatures
  Natasha (D:2)
  2 adders (D:2)
  An ooze (D:3)
  3 dart slugs
  2 ball pythons (D:1)
  2 giant cockroaches
  5 goblins
  5 hobgoblins
  5 jackals
  A quokka (D:3)
  7 bats
  5 frilled lizards
  A kobold (D:1)
  5 rats
45 creatures vanquished.

Notes
Turn   | Place    | Note
-------+----------+-------------------------------------------
     0 | D:1      | Amplified the Hill Orc Wanderer began the quest for the
                  | Orb.
     0 | D:1      | Amplified set off with the following items: a +0 spear, a
                  | fan of gales, a potion of curing, a +0 robe, a ration
     0 | D:1      | Reached XP level 1. HP: 14/14 MP: 1/1
   104 | D:1      | Reached skill level 1 in Fighting
   115 | D:1      | Reached skill level 1 in Polearms
   115 | D:1      | Reached XP level 2. HP: 15/23 MP: 2/2
   487 | D:1      | Reached skill level 1 in Axes
   597 | D:1      | Found a shimmering altar of Xom.
   692 | D:1      | Reached XP level 3. HP: 23/29 MP: 3/3
   905 | D:2      | Noticed Natasha
   909 | D:2      | Killed Natasha
  1273 | D:3      | Reached XP level 4. HP: 34/37 MP: 5/5
  1437 | D:3      | Noticed Grinder
  1528 | D:4      | Noticed an ogre
  1563 | D:3      | Found an iron altar of Okawaru.
  1571 | D:3      | Became a worshipper of Warmaster Okawaru
  1946 | D:2      | Reached skill level 1 in Invocations
  1981 | D:2      | Noticed Natasha
  2275 | D:2      | HP: 1/38 [Natasha (8)]
  2276 | D:2      | Slain by Natasha

Levels and vault maps discovered:
D:1:      psy_arrival_statuary, layout_loops_ring, st_stairs_4,
          ebering_dispersal_statue_hall, xom_teletrap_fun
D:2:      layout_basic, uniq_natasha
D:3:      layout_loops_ring, gammafunk_temple_overflow_forgotten,
          kennysheep_okawaru_gauntlet, uniq_grinder
D:4:      layout_loops_ring, first_ration, serial_park_tiny_pond, led_sif_pool

Skill      XL: |  1  2  3  4 |
---------------+-------------+-----
Fighting       | 1 2 3 |  3.0
Polearms       | 1 |  1.1
Axes           | 1 2 |  2.7
Invocations    | 1 |  1.1
Armour         | |  3.2
Stealth        | |  1.0
Charms         | |  1.7
Fire Magic     | |  3.2
Evocations     | |  1.8

Action                   |  1- 3 |  4- 6 || total
-------------------------+-------+-------++-------
Melee: Spear             |    31 |       ||    31
       Hand axe          |    61 |    89 ||   150
Evoke: Fan of gales      |     1 |       ||     1
  Use: Scroll            |     5 |     1 ||     6
       Potion            |     4 |     3 ||     7
 Stab: Sleeping          |     3 |       ||     3
       Invisible         |     1 |       ||     1
  Eat: Chunk             |     1 |     3 ||     4
Armor: Robe              |     9 |       ||     9
       Ring mail         |     8 |    19 ||    27
Dodge: Dodged            |    58 |    47 ||   105
